[Event "Early-Titled-Tuesday-Blitz-February-27-2024"]
[Site "Chess.com"]
[Date "2024.02.27"]
[Round "3"]
[White "PepeCuenca"]
[Black "Fandorine"]
[Result "1/2-1/2"]
[WhiteElo "2698"]
[BlackElo "2913"]
[TimeControl "180+1"]
[EndTime "8:28:47 PST"]
[Termination "Game drawn by repetition"]

1. d4 Nf6 2. Bf4 d6 3. Nc3 Nbd7 4. Nf3 c5 5. d5 Qa5 6. Nd2 b5 7. e4 a6 8. a4 b4 9. Ncb1 Qc7 10. a5 g6 11. f3 Bg7 12. Nc4 O-O 13. Be2 Nh5 14. Be3 Ne5 15. Nbd2 Nxc4 16. Nxc4 Rb8 17. O-O Bd7 18. Nb6 Bxb2 19. Ra2 Bd4 20. Bxd4 cxd4 21. Qxd4 Bc8 22. Qxb4 Nf4 23. c4 e5 24. Rc1 Qe7 25.
Bf1 f5 26. g3 Qg5 27. Qd2 fxe4 28. fxe4 Bh3 29. Bxh3 Nxh3+ 30. Kh1 Qg4 31. Qg2 Rf3 32.
c5 Rbf8 33. cxd6 Ng5 34. d7 Nxe4 35. d6 Nf2+ 36. Kg1 Nh3+ 37. Kh1 e4 38. d8=Q Rxd8 39.
d7 Rxd7 40. Nxd7 Qxd7 41. Rac2 Qf5 42. Rc8+ Kg7 43. R8c7+ Kh6 44. Qd2+ e3 45. Qg2 Nf2+ 46. Kg1 Nh3+ 47. Kh1 Rf2 48. Qb7 Rf1+ 49. Kg2 Rf2+ 50. Kh1 Rf1+ 51. Kg2 Rf2+ 52. Kh1 1/2-1/2

[Event "Early-Titled-Tuesday-Blitz-February-27-2024"]
[Site "Chess.com"]
[Date "2024.02.27"]
[Round "3"]
[White "TitarovVasiliYouTube"]
[Black "Elsa167"]
[Result "0-1"]
[WhiteElo "2519"]
[BlackElo "2879"]
[TimeControl "180+1"]
[EndTime "8:28:47 PST"]
[Termination "Elsa167 won by resignation"]

1. e4 c5 2. Nf3 e6 3. Be2 Nc6 4. O-O Nf6 5. Nc3 Be7 6. Re1 O-O 7. e5 Nd5 8. Nxd5 exd5 9. d4 d6 10. exd6 Bxd6 11. Bg5 Qb6 12. dxc5 Bxc5 13. Bh4 Be6 14. Rb1 Rac8 15. c3 a5 16. Qd2 d4 17.
a3 dxc3 18. bxc3 Qa7 19. a4 Be7 20. Bxe7 Nxe7 21. Bb5 Rfd8 22. Qg5 Qc5 23. Qxc5 Rxc5 24. Nd4 Rd6 25. Nxe6 Rxe6 26. Rxe6 fxe6 27. c4 Nf5 28. Kf1 Nd6 29. Rd1 Nxc4 30. Rd8+ Kf7 31. Rd7+ Kf6 32. Rxb7 Nd6 33. Ra7 Rc2 34. Rxa5 Rb2 35. Ke1 Ne4 36. Ra8 Ke5 37. f3 Nc3 38. Rd8 Nd5 39. Rd7 Kd4 40.
Rd8 Ke3 41. Kd1 Rxg2 42. a5 Nc3+ 43. Kc1 Nxb5 44. a6 Ra2 45. Rb8 Nd4 46. Rh8 Rxa6 47. Rxh7 Nf5 48. Rh5 Kxf3 49. Rh8 Ra2 50. Rb8 Rxh2 51.
Rh8 Rxh8 0-1

[Event "Early-Titled-Tuesday-Blitz-February-27-2024"]
[Site "Chess.com"]
[Date "2024.02.27"]
[Round "3"]
[White "124chess"]
[Black "Abund"]
[Result "0-1"]
[WhiteElo "2510"]
[BlackElo "2743"]
[TimeControl "180+1"]
[EndTime "8:28:48 PST"]
[Termination "Abund won by resignation"]

1. Nf3 d5 2. c4 e6 3. e3 Nf6 4. b3 Nbd7 5. Bb2 Bd6 6. d4 b6 7. Bd3 Bb7 8. O-O O-O 9. Nbd2 Re8 10. Qc2 e5 11. dxe5 Nxe5 12. Nxe5 Bxe5 13. Bxe5 Rxe5 14.
Nf3 Rh5 15. Rfd1 Qe7 16. cxd5 Bxd5 17. Be2 c5 18. Qb2 Bb7 19. a3 h6 20. b4 Rd8 21.
Rxd8+ Qxd8 22. Rd1 Rd5 23. Rxd5 Qxd5 24. bxc5 Qxc5 25. h3 Ne4 26. Qe5 Qxe5 27. Nxe5 Kf8 28. Bc4 f6 29. Ng6+ Ke8 30. f3 Nc3 31. Nf4 Nb1 32. a4 Bc6 33. Ne6 g5 34. Bb5 Bxb5 35. Nc7+ Kd7 36. Nxb5 a6 37. Nd4 Nc3 38. Kf2 Nxa4 39.
Ke2 Nc5 40. Nf5 h5 41. h4 a5 42. g4 hxg4 43. h5 gxf3+ 44. Kxf3 Ne6 45. Ke4 a4 46.
Kd5 a3 47. h6 Nf8 48. Nd4 a2 49. Nb3 g4 50. Ke4 f5+ 51. Kf4 Ke6 52. e4 fxe4 53. Kxe4 Kf6 54. Kf4 Ne6+ 55. Kxg4 Nc5 56. Na1 b5 57. h7 Kg7 58. Kf4 b4 59. Ke3 b3 0-1

[Event "Early-Titled-Tuesday-Blitz-February-27-2024"]
[Site "Chess.com"]
[Date "2024.02.27"]
[Round "3"]
[White "vovachesss"]
[Black "Nouali_Mohamed"]
[Result "1-0"]
[WhiteElo "2782"]
[BlackElo "2545"]
[TimeControl "180+1"]
[EndTime "8:28:49 PST"]
[Termination "vovachesss won on time"]

1. d4 Nf6 2. c4 g6 3. Nc3 Bg7 4. e4 O-O 5. Nf3 d6 6. Be2 c5 7. O-O cxd4 8. Nxd4 Nc6 9. Be3 Nxd4 10. Bxd4 Be6 11.
Rc1 Qa5 12. b3 a6 13. Re1 Rfc8 14. Bf1 b5 15. cxb5 axb5 16. Bxb5 Rxc3 17. Bxc3 Qxb5 18. Qe2 Qb6 19. h3 h5 20. Qb2 h4 21. Re2 Bh6 22. Rd1 Nh5 23. Bd4 Qa6 24. Be3 Bg7 25.
Bd4 Nf4 26. Rc2 Bxd4 27. Rxd4 Qa5 28. Ra4 Qe1+ 29. Kh2 Rxa4 30. bxa4 Qf1 31. f3 Bxh3 32. gxh3 Qxh3+ 33. Kg1 Qg3+ 34. Kh1 Qxf3+ 35. Kh2 Qg3+ 36. Kh1 Qe1+ 37. Kh2 Qg3+ 38. Kh1 e5 39. Qb3 Qe1+ 40. Kh2 Qxe4 41. a5 Nd3 42. a6 Qf4+ 43. Kh1 Nf2+ 44. Kg2 h3+ 45. Kf1 Ne4+ 46. Ke2 Ng3+ 47. Kd1 1-0

[Event "Early-Titled-Tuesday-Blitz-February-27-2024"]
[Site "Chess.com"]
[Date "2024.02.27"]
[Round "3"]
[White "NLLO777"]
[Black "shimastream"]
[Result "1-0"]
[WhiteElo "2547"]
[BlackElo "2950"]
[TimeControl "180+1"]
[EndTime "8:28:49 PST"]
[Termination "NLLO777 won by resignation"]

1. d4 Nf6 2. c4 c5 3. Nf3 cxd4 4. Nxd4 e5 5. Nc2 d5 6. cxd5 Qxd5 7. Qxd5 Nxd5 8. g3 Nc6 9. Bg2 Be6 10. O-O Be7 11. Ne3 Ndb4 12. a3 Na6 13. Nc3 Nc5 14.
Ned5 h5 15. Nc7+ Kd7 16. Nxa8 Rxa8 17. Rd1+ Ke8 18. Be3 Nb3 19. Rab1 Rc8 20. Bd5 Bxd5 21. Nxd5 Bd8 22. Rd3 Nbd4 23. Bxd4 Nxd4 24. e3 Nf3+ 25. Kg2 e4 26. Rc3 Rc6 27. Rxc6 bxc6 28. Nc3 f5 29.
Rd1 Be7 30. Ne2 Ne5 31. Rd4 Bc5 32. Rd2 g6 33. h4 Be7 34. a4 Bb4 35. Rc2 Kd7 36. Kf1 a5 37. Nd4 c5 38. Nb5 Kc6 39.
Ke2 Kd5 40. Nc3+ Kc4 41. Nxe4+ Kb3 42. Rxc5 Bxc5 43. Nxc5+ Kc4 44. f4 Nc6 45. Ne6 Kb3 46.
Nd4+ Nxd4+ 47. exd4 Kb4 48. Kd3 Kxa4 49. Kc4 g5 50. fxg5 f4 51. Kd3 fxg3 52. Ke2 Kb3 53. g6 Kxb2 54. g7 a4 55. g8=Q a3 56. Qb8+ Kc2 57.
Qxg3 1-0

[Event "Early-Titled-Tuesday-Blitz-February-27-2024"]
[Site "Chess.com"]
[Date "2024.02.27"]
[Round "3"]
[White "tsaruk_maks"]
[Black "LimeInTheCoconut"]
[Result "1-0"]
[WhiteElo "2754"]
[BlackElo "2498"]
[TimeControl "180+1"]
[EndTime "8:28:50 PST"]
[Termination "tsaruk_maks won on time"]

1. e4 e5 2. Nf3 Nc6 3. c3 Nf6 4. d3 d5 5. Nbd2 Be7 6. Be2 O-O 7. h3 Re8 8. Qc2 a5 9. g4 dxe4 10. dxe4 Nd7 11. Nf1 Nc5 12. Ng3 Ne6 13. Nf5 Bf8 14. Be3 Bd7 15. Rd1 Qc8 16. Bc4 a4 17. h4 Nf4 18. Ng5 Be6 19. Nxe6 fxe6 20. Kf1 Kh8 21. Ng3 Rd8 22. f3 Rxd1+ 23. Qxd1 Qe8 24. Rh2 a3 25. b4 Rd8 26. Rd2 Rxd2 27. Qxd2 Bd6 28. Qc1 Qd8 29. g5 Qa8 30. Ne2 Nxe2 31. Kxe2 Ne7 32.
Bxe6 Ng6 33. Bc4 Nxh4 34. Qh1 Ng6 35. Bf7 Nf4+ 36. Bxf4 exf4 37. Bg6 Qg8 38. Qh5 Qxa2+ 39. Kd3 Qb1+ 40. Kc4 Qf1+ 41. Kb3 Qb1+ 42. Kxa3 Qa1+ 43.
Kb3 Qb1+ 44. Kc4 Qf1+ 45. Kd5 Qb5+ 46. Ke6 h6 47. gxh6 Qxh5 48. hxg7+ Kxg7 49. Bxh5 Bf8 50. Kf5 1-0

[Event "Early-Titled-Tuesday-Blitz-February-27-2024"]
[Site "Chess.com"]
[Date "2024.02.27"]
[Round "3"]
[White "AnaKuchava"]
[Black "TheoSlade"]
[Result "0-1"]
[WhiteElo "2198"]
[BlackElo "2425"]
[TimeControl "180+1"]
[EndTime "8:28:50 PST"]
[Termination "TheoSlade won on time"]

1. d4 d5 2. Nf3 e6 3. c4 a6 4. cxd5 exd5 5. Nc3 c6 6. Bf4 Bd6 7.
Bxd6 Qxd6 8. e3 Ne7 9. Bd3 Bg4 10.
Be2 Nd7 11. h3 Bh5 12. O-O O-O 13. Rb1 Nf6 14. Ne5 Bxe2 15. Qxe2 Nd7 16. Nxd7 Qxd7 17. b4 Nf5 18. a4 Nd6 19. b5 axb5 20. axb5 Ra3 21. bxc6 bxc6 22. Rfc1 Rfa8 23. Qb2 Nc4 24. Qb8+ Qc8 25. Qxc8+ Rxc8 26. Rb7 Kf8 27. Ne2 Rca8 28. Nf4 Ra1 29. Rxa1 Rxa1+ 30. Kh2 Ra2 31. Kg3 Nd6 32. f3 Nf5+ 33. Kh2 Nxe3 34. Rc7 Rc2 35. Kh1 Rc1+ 36. Kh2 Nf1+ 37. Kg1 Nd2+ 38. Kf2 Nb3 39. Nd3 Rc2+ 40. Kg3 Nxd4 41. Ne5 Nf5+ 42. Kf4 Nd6 43. Nxc6 f6 44.
Ke3 Rc4 45. g4 h6 46. h4 Rc3+ 47. Ke2 d4 48. h5 Re3+ 49. Kd2 Rxf3 50. Rd7 Ne4+ 51.
Ke2 Rf2+ 52. Ke1 Rg2 53. Rd8+ Kf7 54. Rd7+ Kg8 55. Rd8+ Kh7 56. Ne7 Rxg4 57. Ng6 Rxg6 58. hxg6+ Kxg6 59. Rxd4 f5 60. Rd5 Kg5 0-1

[Event "Early-Titled-Tuesday-Blitz-February-27-2024"]
[Site "Chess.com"]
[Date "2024.02.27"]
[Round "3"]
[White "Kildepiotr"]
[Black "kleinebeer98"]
[Result "0-1"]
[WhiteElo "2670"]
[BlackElo "2878"]
[TimeControl "180+1"]
[EndTime "8:28:51 PST"]
[Termination "kleinebeer98 won on time"]

1. Nf3 Nf6 2. g3 g6 3. Bg2 Bg7 4. O-O O-O 5. d4 d5 6. c4 c6 7.
Nc3 Ne4 8. Qb3 Nxc3 9. bxc3 a5 10.
a4 dxc4 11. Qxc4 Be6 12. Qd3 Na6 13. Ba3 Qc7 14. e4 Rfd8 15. Ng5 Bb3 16. Bb2 h6 17. Nf3 Nc5 18. Qe3 Nxa4 19. Ba3 Nb6 20. Nd2 Nc4 21. Nxc4 Bxc4 22. Rfb1 b5 23. Bc5 e5 24. Rd1 exd4 25. Bxd4 a4 26. Bb6 Rxd1+ 27. Rxd1 Qe7 28. f4 a3 29. Bc5 Qe6 30. e5 a2 31. Ra1 Bd5 32. Qd2 Bxg2 33. Kxg2 Bf8 34. Bxf8 Kxf8 35. Kf2 c5 36.
Ke1 Qb3 37. Ke2 b4 38. cxb4 Qc4+ 39. Qd3 Qxb4 40. Qd2 Qe4+ 41. Kf2 Kg8 42. Rxa2 Qd4+ 43. Kg2 Qe4+ 44. Kh3 Qf5+ 45. Kg2 Qe4+ 46. Kh3 Rc8 47. Qd7 Rf8 48. Ra7 c4 49. Rc7 Qe2 50. e6 Qf1+ 51.
Kh4 g5+ 52. fxg5 hxg5+ 53. Kxg5 Qc1+ 54. Kh5 Kh7 0-1

[Event "Early-Titled-Tuesday-Blitz-February-27-2024"]
[Site "Chess.com"]
[Date "2024.02.27"]
[Round "3"]
[White "artin10862"]
[Black "Juicy_Fork"]
[Result "1-0"]
[WhiteElo "2891"]
[BlackElo "2520"]
[TimeControl "180+1"]
[EndTime "8:28:51 PST"]
[Termination "artin10862 won by checkmate"]

1. d4 Nf6 2. c4 g6 3. Nc3 Bg7 4. e4 O-O 5. h3 d6 6. Be3 e5 7. d5 Na6 8. g4 Nc5 9. f3 a5 10. Nge2 c6 11. Ng3 cxd5 12. cxd5 Bd7 13. Qd2 a4 14. h4 Qa5 15. h5 b5 16. Rc1 b4 17.
Nd1 Rfc8 18. Bc4 Bb5 19. Qe2 Bxc4 20. Rxc4 b3+ 21. Bd2 bxa2 22. Bxa5 a1=Q 23. Bc3 a3 24. b4 Qb1 25. bxc5 a2 26. O-O a1=Q 27. Bxa1 Qxa1 28. Nf2 Qa7 29. c6 Bh6 30. Rb1 Bf4 31. Kg2 gxh5 32.
Nxh5 Nxh5 33. gxh5 Kh8 34. Rb7 Rg8+ 35. Ng4 Qa3 36.
Qf2 Qd3 37. Rbb4 Rgc8 38. Qc2 Qa3 39. c7 f5 40. exf5 Qa5 41. f6 Qxd5 42. Rb2 Ra7 43. Rb8 Ra8 44. Rxa8 Qxa8 45. Qf5 Qa2+ 46. Kh3 Qxc4 47.
Qxc8+ Qg8 48. Qxg8+ Kxg8 49. c8=Q+ Kf7 50. Qd7+ Kg8 51.
Qg7# 1-0

[Event "Early-Titled-Tuesday-Blitz-February-27-2024"]
[Site "Chess.com"]
[Date "2024.02.27"]
[Round "3"]
[White "nicolasbatista3"]
[Black "doctorcristian"]
[Result "1-0"]
[WhiteElo "2417"]
[BlackElo "2584"]
[TimeControl "180+1"]
[EndTime "8:28:53 PST"]
[Termination "nicolasbatista3 won on time"]

1. Nf3 g6 2. d4 Bg7 3. b3 c5 4. e3 Nc6 5. Bb2 cxd4 6. exd4 d5 7. Be2 Nh6 8. O-O O-O 9. c4 Be6 10. Nbd2 Nf5 11. cxd5 Bxd5 12. Nc4 Bxf3 13. Bxf3 Nfxd4 14. Bxc6 Nxc6 15. Bxg7 Kxg7 16. Qe2 Qd4 17. Rad1 Qf6 18. Rd7 Rab8 19. h3 Rfd8 20. Rc7 Rdc8 21. Rd7 b5 22. Ne3 e6 23. Ng4 Qf5 24. Qb2+ e5 25. Rfd1 Rd8 26.
Rxd8 Rxd8 27. Rxd8 Nxd8 28. Nxe5 Qf6 29. Qe2 a6 30.
Ng4 Qa1+ 31. Kh2 h5 32. Ne3 Qe5+ 33. Kg1 Ne6 34. Qd2 Nd4 35. a4 Nxb3 36. Qb4 Nd4 37. axb5 axb5 38. Qa5 Ne2+ 39. Kf1 Nf4 40. Kg1 Nd3 41.
Qd2 Qe4 42. Qc3+ Ne5 43. Qb2 b4 44. g4 Kh7 45. gxh5 gxh5 46. Qe2 Nf3+ 47. Kf1 Nh2+ 48. Kg1 Nf3+ 49. Kf1 Qb1+ 50. Kg2 Nh4+ 51. Kg3 Ng6 52. Qxh5+ Kg7 53. Qb5 Qg1+ 54. Kf3 1-0

[Event "Early-Titled-Tuesday-Blitz-February-27-2024"]
[Site "Chess.com"]
[Date "2024.02.27"]
[Round "3"]
[White "Onischuk_V"]
[Black "OneTrickPony_82"]
[Result "1/2-1/2"]
[WhiteElo "2792"]
[BlackElo "2549"]
[TimeControl "180+1"]
[EndTime "8:28:54 PST"]
[Termination "Game drawn - insufficient material"]

1. e4 e5 2. Nf3 Nc6 3. Bc4 Nf6 4. d3 Bc5 5. O-O d6 6. c3 a5 7. Nbd2 h6 8. Re1 O-O 9. Nf1 Be6 10. Bb5 Ne7 11. Ng3 Ng6 12. d4 Ba7 13. h3 c6 14. Bd3 Re8 15. Be3 Qc7 16. Qd2 Nh7 17. Nf5 Bxf5 18. exf5 Ngf8 19. dxe5 Bxe3 20. Qxe3 dxe5 21. Nxe5 Nd7 22. f4 Nhf6 23. Bc4 Nd5 24. Bxd5 cxd5 25. Qd4 Nf6 26. Rad1 a4 27. Ng4 Nxg4 28.
hxg4 a3 29. bxa3 Rxe1+ 30. Rxe1 Rxa3 31. Re8+ Kh7 32. f6 Qxc3 33. Qxc3 Rxc3 34. Re7 gxf6 35.
Rxf7+ Kg6 36. Rxb7 Rc4 37. g3 f5 38. Rb6+ Kg7 39.
gxf5 Rc2 40. a4 Ra2 41. Rb4 Kf6 42. g4 h5 43. Rb6+ Kf7 44. g5 Rxa4 45. Rb7+ Kf8 46. f6 Rxf4 47. Kh2 Rh4+ 48. Kg3 Rg4+ 49. Kf3 Rxg5 50.
Kf4 Rg1 51. Kf5 Rf1+ 52. Kg6 Rg1+ 53. Kxh5 d4 54. Rd7 d3 55. Rxd3 Kf7 56. Rf3 Rg6 57.
Kh4 Rxf6 58. Rxf6+ Kxf6 1/2-1/2

[Event "Early-Titled-Tuesday-Blitz-February-27-2024"]
[Site "Chess.com"]
[Date "2024.02.27"]
[Round "3"]
[White "annamaja"]
[Black "SaqoChess_Twitch"]
[Result "1-0"]
[WhiteElo "2416"]
[BlackElo "2598"]
[TimeControl "180+1"]
[EndTime "8:28:56 PST"]
[Termination "annamaja won by resignation"]

1. e4 c5 2. Nf3 d6 3. d4 cxd4 4. Nxd4 Nf6 5. Nc3 g6 6. Be3 Bg7 7. f3 O-O 8. Bc4 Nc6 9. Qd2 Bd7 10. O-O-O Rc8 11. Bb3 Nxd4 12. Bxd4 b5 13. a3 a5 14. Nd5 Nxd5 15. Bxg7 Kxg7 16. Bxd5 Qc7 17. h4 b4 18.
axb4 axb4 19. Bb3 Be6 20. Qxb4 Bxb3 21. Qxb3 Qa5 22. h5 Qg5+ 23. Kb1 Rb8 24. Qc3+ f6 25. hxg6 hxg6 26. Rd5 Qxg2 27. Qe1 Rfc8 28. Rd2 Qxf3 29. Rd3 Qg2 30. Rd2 Qg5 31. Rdh2 Rh8 32. Rxh8 Rxh8 33. Rxh8 Kxh8 34. b4 Qb5 35. Kb2 Kg7 36. Kb3 d5 37. exd5 Qxd5+ 38. c4 Qd3+ 39. Qc3 Qb1+ 40. Ka4 e5 41. b5 e4 42. c5 Qa2+ 43. Kb4 Qe6 44. c6 e3 45. c7 e2 46. c8=Q Qxc8 47. Qxc8 e1=Q+ 48. Qc3 Qb1+ 49. Kc5 g5 50. b6 g4 51. Kc6 Qh1+ 52. Kc7 Qh2+ 53. Kc8 g3 54. Qc7+ Kg6 55.
b7 Qh8+ 56. Kd7 Qg7+ 57. Kc6 Qxc7+ 58. Kxc7 g2 59. b8=Q Kg7 60. Qb1 f5 61. Qg1 Kf6 62. Qxg2 Ke5 63. Qf3 f4 64. Kd7 Kf5 65. Kd6 Kg5 66.
Ke5 Kh4 67. Qxf4+ Kh3 68. Qg5 1-0

[Event "Early-Titled-Tuesday-Blitz-February-27-2024"]
[Site "Chess.com"]
[Date "2024.02.27"]
[Round "3"]
[White "Rurep26"]
[Black "Chopper1905"]
[Result "0-1"]
[WhiteElo "2701"]
[BlackElo "2933"]
[TimeControl "180+1"]
[EndTime "8:28:57 PST"]
[Termination "Chopper1905 won by resignation"]

1. d4 Nf6 2. Bf4 d6 3. e3 Nbd7 4. Nf3 Nh5 5. Bg5 h6 6. Bh4 g5 7. Nfd2 Ndf6 8. Be2 Ng7 9. Bg3 Nf5 10. Nc3 h5 11. h3 Nxg3 12. fxg3 d5 13. Nf3 g4 14. Ne5 gxh3 15. gxh3 c6 16. Qd3 Be6 17. O-O-O Qa5 18. Kb1 Ne4 19. Nxe4 dxe4 20. Qa3 Qxa3 21. bxa3 h4 22. g4 Bh6 23. Bc4 Bd5 24. Bb3 Rg8 25.
c4 Be6 26. d5 Rg5 27. Nxc6 Bxg4 28. hxg4 bxc6 29. Rxh4 Bg7 30. dxc6 Rc8 31. Rd5 Rg6 32.
g5 Kf8 33. Ba4 a6 34. Rxe4 e6 35. Rd7 Rxg5 36. c7 Bf6 37. Rf4 Kg7 38. e4 Rc5 39. Rg4+ Kf8 40. Rf4 Be7 41. Rd3 R8xc7 42. Bb3 a5 43. Rdf3 Bd6 44. Rh4 Be5 45. Rh7 Rb7 46.
a4 Kg8 47. Rh1 Rxc4 48. Rg1+ Kf8 49. Re1 Rxa4 50. Rd3 Rab4 51. Kc2 a4 52. Bxe6 fxe6 53. Rf1+ Ke7 54. Kd2 Rb2+ 55. Ke3 Rxa2 0-1

[Event "Early-Titled-Tuesday-Blitz-February-27-2024"]
[Site "Chess.com"]
[Date "2024.02.27"]
[Round "3"]
[White "LeoLV10"]
[Black "DamianoLew95"]
[Result "0-1"]
[WhiteElo "2478"]
[BlackElo "2667"]
[TimeControl "180+1"]
[EndTime "8:28:57 PST"]
[Termination "DamianoLew95 won by resignation"]

1. e4 c5 2. Nf3 d6 3. d4 cxd4 4.
Nxd4 Nf6 5. Nc3 a6 6. Bg5 Nbd7 7.
Bc4 Qb6 8. Bb3 e6 9. f4 Nc5 10. Qe2 Ncxe4 11. Nxe4 Qxd4 12. Nxf6+ gxf6 13. c3 Qc5 14. Bxf6 Rg8 15. Bd4 Qf5 16. Rf1 Qg4 17. Qxg4 Rxg4 18.
g3 Bd7 19. Kf2 O-O-O 20. Bc2 h6 21. Rfe1 Be7 22. Bh7 Bh4 23. gxh4 Rxf4+ 24. Ke2 e5 25. Be3 Rxh4 26. Rf1 Rxh2+ 27. Rf2 Bg4+ 28. Kd2 Rxf2+ 29.
Bxf2 f5 30. Rh1 Rh8 31. Rxh6 Kc7 32. Bh4 f4 33. Bf6 Rf8 34. Be4 Rf7 35. Rh7 Rxh7 36. Bxh7 Bf3 37. Bg8 Bc6 38. c4 Kd7 39. Bf7 Bf3 40. b4 b6 41. a4 a5 42. b5 Bg4 43.
Bd5 Bf5 44. Bg5 Bg4 45. Bh4 Bf5 46. Bf2 Kc7 47. Ke2 Bc2 48. Kf3 Bxa4 49. Kg4 Bc2 50. Kg5 a4 51. Be1 a3 52. Bc3 a2 53.
Kg4 Bd1+ 54. Kh3 Bh5 55. Kg2 Bg6 56. Kf2 e4 57. Ke2 Bh5+ 58. Kf2 e3+ 59. Ke1 f3 60. Bd4 f2+ 61. Kf1 Bg6 62. c5 Bd3+ 0-1

[Event "Early-Titled-Tuesday-Blitz-February-27-2024"]
[Site "Chess.com"]
[Date "2024.02.27"]
[Round "3"]
[White "DeArron_Fox"]
[Black "Zhigalko_Sergei"]
[Result "0-1"]
[WhiteElo "2522"]
[BlackElo "2910"]
[TimeControl "180+1"]
[EndTime "8:28:58 PST"]
[Termination "Zhigalko_Sergei won on time"]

1. d4 Nf6 2. c4 e6 3. Nf3 b6 4. g3 Ba6 5. b3 Bb4+ 6. Bd2 Be7 7.
Bg2 c6 8. O-O d5 9. Bc3 O-O 10.
Nbd2 Nbd7 11. Rc1 Rc8 12. Bb2 c5 13. cxd5 Nxd5 14. Nc4 N7f6 15. dxc5 Bxc5 16. Nd4 h6 17.
Ne5 Bxd4 18. Qxd4 Bxe2 19. Rxc8 Qxc8 20. Re1 Bb5 21. Ng4 Qc5 22. Qxc5 bxc5 23. Nxf6+ Nxf6 24. Rc1 Rc8 25. Ba3 c4 26. bxc4 Rxc4 27. Rxc4 Bxc4 28.
Bc5 a6 29. a3 Nd7 30. Bd6 Bd5 31. Bf1 Bb7 32. Bd3 f6 33. f4 Kf7 34. Kf2 e5 35. Ke3 Ke6 36. Bc7 exf4+ 37. Kxf4 Nc5 38. Bf5+ Kd5 39.
Bd8 Kc6 40. Be7 a5 41. Bf8 g5+ 42. Kg4 Kd5 43. Bxh6 Ne4 44. Bxe4+ Kxe4 45. Bg7 Bc8+ 46. Kh5 Kf5 47. Bf8 Bd7 48. h4 Be8+ 49. Kh6 gxh4 50. gxh4 Kg4 51. Be7 f5 52. Kg7 f4 53. Bd8 f3 54. Bb6 Kxh4 55. Kf6 Kg3 56. Ke5 Kg2 57. Ke4 Bb5 0-1

[Event "Early-Titled-Tuesday-Blitz-February-27-2024"]
[Site "Chess.com"]
[Date "2024.02.27"]
[Round "3"]
[White "kuba2006"]
[Black "Yeritsyaan"]
[Result "1-0"]
[WhiteElo "2459"]
[BlackElo "2598"]
[TimeControl "180+1"]
[EndTime "8:28:59 PST"]
[Termination "kuba2006 won by resignation"]

1. e4 g6 2. d4 Bg7 3. Nc3 c6 4. Be3 d5 5. f3 h5 6. Qd2 Nh6 7.
O-O-O dxe4 8. fxe4 Ng4 9. Bf4 e5 10. dxe5 Qxd2+ 11. Rxd2 Nxe5 12. Nf3 Nxf3 13. gxf3 Be6 14.
Ne2 h4 15. Nd4 Bd7 16. Bc4 b5 17. Bb3 c5 18. Bd5 cxd4 19. Bxa8 Nc6 20. e5 Nxe5 21. Bxe5 Bxe5 22. Re1 O-O 23. Rxe5 Rxa8 24. Rxd4 Bc6 25. Rxh4 Bxf3 26. Rxb5 Kg7 27. b3 Rc8 28. c4 Rc7 29. Re5 f5 30. Re3 Bc6 31. Kc2 Kf6 32. Rd4 Be4+ 33. Kc3 Ke5 34. h4 Rh7 35. Rg3 Rh6 36.
Rd8 Kf4 37. Rg1 Ke3 38. Rg8 f4 39. Re1+ Kf3 40. Rf8 Rxh4 41. Rg1 g5 42. Rxg5 Rh3 43. Kd4 Rh1 44. Ke5 Ke3 45. Rxf4 Bd3 46. Rg3+ Kd2 47.
Rf2+ Kc3 48. Rff3 Re1+ 49. Kd6 Kb2 50. Rxd3 Kxa2 51. c5 Rc1 52. c6 Ka3 53. c7 Kb4 54.
Kd7 a5 55. c8=Q 1-0

[Event "Early-Titled-Tuesday-Blitz-February-27-2024"]
[Site "Chess.com"]
[Date "2024.02.27"]
[Round "3"]
[White "Statham_01"]
[Black "carloseduar100"]
[Result "0-1"]
[WhiteElo "2573"]
[BlackElo "2405"]
[TimeControl "180+1"]
[EndTime "8:28:59 PST"]
[Termination "carloseduar100 won by checkmate"]

1. e4 e6 2. d4 d5 3. Nc3 Nf6 4. e5 Nfd7 5. f4 c5 6. Nf3 Nc6 7. Be3 Qb6 8. Na4 Qc7 9. dxc5 Qa5+ 10. c3 b5 11. cxb6 axb6 12. b4 Qxa4 13. Qxa4 Rxa4 14.
Bb5 Ra3 15. Bxc6 Rxc3 16. Bxd7+ Bxd7 17. Bxb6 Bxb4 18. Kf2 O-O 19. Rab1 Ba3 20. Nd4 Rfc8 21. Rhd1 g6 22. Ba5 R3c4 23. Kg3 Bc5 24. Nb3 Be3 25. Bd2 Bxd2 26. Rxd2 Rc3+ 27. Kh4 Ba4 28. Nd4 Kg7 29. g3 h5 30. Rb7 R8c7 31. Rb8 Rc8 32. Rb4 Be8 33. Rdb2 R3c4 34. a4 Rxb4 35. Rxb4 Rc4 36. Rxc4 dxc4 37. a5 c3 38. a6 Bc6 39.
Nxc6 c2 40. a7 c1=Q 41. a8=Q Qd1 42. h3 Qf3 43. Ne7 Qxa8 44. f5 exf5 45. g4 Qd8 46.
Kg5 Qxe7+ 47. Kf4 Qb4+ 48. Kg5 Qd2+ 49. Kh4 fxg4 50. e6 Qd8+ 51. e7 Qxe7+ 52. Kg3 gxh3 53.
Kf4 Qf6+ 54. Kg3 Qg5+ 55. Kh2 Qg2# 0-1

[Event "Early-Titled-Tuesday-Blitz-February-27-2024"]
[Site "Chess.com"]
[Date "2024.02.27"]
[Round "3"]
[White "agvega14"]
[Black "Bilan_Danila"]
[Result "0-1"]
[WhiteElo "2217"]
[BlackElo "2547"]
[TimeControl "180+1"]
[EndTime "8:28:59 PST"]
[Termination "Bilan_Danila won by checkmate"]

1. d4 d5 2. c4 c6 3. Nc3 Nf6 4. e3 g6 5. Nf3 Bg7 6. h3 O-O 7. Qb3 dxc4 8. Bxc4 b5 9. Be2 a6 10. a4 Bb7 11. Bd2 Nbd7 12. O-O Re8 13. Ng5 e6 14. Bf3 Nd5 15. Nge4 b4 16. Nxd5 cxd5 17. Nd6 a5 18. Nxb7 Qb6 19. Nc5 Nxc5 20. dxc5 Qxc5 21. Rac1 Qe7 22.
Rc6 h5 23. Rfc1 Qf6 24. R1c2 Red8 25. Bc1 Rd7 26. Qd3 Rad8 27. b3 d4 28. e4 Qe7 29.
Bf4 e5 30. Bd2 Rd6 31. Rc7 R6d7 32. R7c5 Ra7 33. Be2 Bf6 34. Qf3 Bg5 35. Bb5 Bxd2 36. Rc8 Bc3 37. Rxd8+ Qxd8 38. Bc4 Kg7 39. Rc1 Rc7 40.
Qd3 Qg5 41. Rd1 Rc6 42. Bd5 Rf6 43. Rf1 Qf4 44. Bc4 g5 45. Bd5 g4 46. h4 g3 47.
fxg3 Qh6 48. Rxf6 Qxf6 49. Qf3 Qe7 50. Qxh5 Bd2 51. Qf5 Bh6 52. g4 Bf4 53. g5 d3 54. Qg4 d2 55. Qd1 Qc7 56. Bc4 Qc5+ 57. Kh1 Qf2 58. Be2 Qxh4+ 59. Kg1 Be3+ 60. Kf1 Qf2# 0-1

[Event "Early-Titled-Tuesday-Blitz-February-27-2024"]
[Site "Chess.com"]
[Date "2024.02.27"]
[Round "3"]
[White "Rawnsdale"]
[Black "Christ_is_alive"]
[Result "1-0"]
[WhiteElo "2521"]
[BlackElo "2277"]
[TimeControl "180+1"]
[EndTime "8:28:59 PST"]
[Termination "Rawnsdale won on time"]

1. e4 c5 2. Nf3 Nc6 3. d4 cxd4 4. Nxd4 Nf6 5. Nc3 d6 6. Bg5 e6 7. Qd2 a6 8. O-O-O Bd7 9. Kb1 h6 10. Be3 Ng4 11. Nb3 Nxe3 12. Qxe3 Be7 13. f4 Qc7 14. h4 h5 15. Be2 O-O-O 16. f5 Kb8 17. Bf3 Ne5 18.
Be2 Rc8 19. g3 Bf6 20. Rd2 Rhd8 21. Rhd1 Bc6 22. Bxh5 Nc4 23. Qe2 Nxb2 24. Kxb2 Bb5 25. Qe3 Qxc3+ 26. Qxc3 Bxc3+ 27. Kc1 Bxd2+ 28. Kxd2 Rc7 29.
Nd4 Bc4 30. a4 e5 31. Nf3 Rdc8 32. Rc1 f6 33. g4 d5 34. exd5 Bxd5 35. Ne1 Rc4 36. Nd3 Rxa4 37. Nf2 Rac4 38. Bg6 b5 39. g5 b4 40. gxf6 gxf6 41. h5 b3 42. c3 Bg8 43. h6 R4c7 44. Nd3 a5 45. Rb1 a4 46. Nb4 Rd8+ 47. Ke1 Rxc3 48. Na2 Rc2 49. Nc1 Rdd2 50. h7 Rh2 51. hxg8=Q+ Ka7 52. Qf7+ Ka6 53. Qxf6+ Ka7 54. Qe7+ Ka8 55. Qe8+ Ka7 56. Qd7+ Kb8 57.
Qd6+ Kc8 58. Qe6+ Kb7 59. Rxb3+ axb3 60. Qxb3+ 1-0

[Event "Early-Titled-Tuesday-Blitz-February-27-2024"]
[Site "Chess.com"]
[Date "2024.02.27"]
[Round "3"]
[White "ljuks68"]
[Black "Orion2127989"]
[Result "1-0"]
[WhiteElo "2411"]
[BlackElo "2157"]
[TimeControl "180+1"]
[EndTime "8:28:59 PST"]
[Termination "ljuks68 won by resignation"]

1. e4 c5 2. Nf3 d6 3. d4 cxd4 4. Nxd4 Nf6 5. Nc3 a6 6. Bg5 e6 7. f4 Be7 8. Qf3 Qc7 9. O-O-O h6 10. Bxf6 Bxf6 11. g4 Nc6 12. Nb3 b5 13. h4 Bb7 14. g5 hxg5 15. hxg5 Rxh1 16. Qxh1 Bxc3 17. bxc3 O-O-O 18. Qh7 g6 19. Kb2 b4 20. cxb4 Nxb4 21. Bd3 d5 22. e5 d4 23. Qh4 Qc3+ 24. Kb1 Bd5 25. Qe1 Bxb3 26. axb3 Qc5 27. Kb2 Kc7 28. Qd2 Kb6 29. Ra1 Rc8 30. Ra4 Qc3+ 31. Qxc3 dxc3+ 32. Kc1 Nxd3+ 33. cxd3 a5 34. Kc2 Kb5 35. Rd4 Rc5 36.
Rd7 Kb4 37. Rb7+ Ka3 38. Rxf7 Rb5 39. Kxc3 Rxb3+ 40. Kd4 a4 41. Kc5 Rc3+ 42. Kd6 Kb2 43. Kxe6 a3 44. Ra7 a2 45. Rxa2+ Kxa2 46. d4 Rf3 47. d5 Rxf4 48. d6 Rd4 49. d7 Kb3 50. Ke7 Kc4 51. e6 Kc5 52. Kf7 Kc6 53. Ke8 Re4 54. e7 Kd6 55. d8=Q+ 1-0